 Dungeon Crawl Stone Soup version 0.23-a0-419-g0174fd80c1 (webtiles) character file.

369 LostNumber the Skirmisher (level 6, -1/49 HPs)
             Began as a Mummy Fighter on Nov 14, 2018.
             Was a Follower of Okawaru.
             Slain by an ogre
             ... wielding a +0 giant club
              (13 damage)
             ... on level 4 of the Dungeon.
             The game lasted 00:05:09 (2689 turns).

LostNumber the Skirmisher (Mummy Fighter)           Turns: 2689, Time: 00:05:09

Health: -1/49      AC: 12    Str: 21    XL:     6   Next: 41%
Magic:  6/6        EV:  3    Int:  7    God:    Okawaru [*.....]
Gold:   219        SH:  9    Dex: 12    Spells: 5/5 levels left

rFire    x . .     SeeInvis .   a - +0 war axe
rCold    + . .     Gourm    .   c - +0 shield
rNeg     + + +     Faith    .   l - +0 plate armour
rPois    ∞         Spirit   .   g - +0 helmet
rElec    .         Reflect  .   (no cloak)
rCorr    .         Harm     .   (no gloves)
MR       .....                  (no boots)
Stlth    ..........             (no amulet)
HPRegen  0.16/turn              (no ring)
MPRegen  0.10/turn              (no ring)

@: no status effects
A: no food or potions, fire vulnerability, cold resistance 1, negative energy
resistance 3, torment resistance, unbreathing
a: Heroism, Renounce Religion


You were on level 4 of the Dungeon.
You worshipped Okawaru.
Okawaru was aware of your devotion.
You were not hungry.

You visited 1 branch of the dungeon, and saw 4 of its levels.

You collected 219 gold pieces.

Inventory:

Hand Weapons
 a - a +0 war axe (weapon)
Missiles
 f - 5 steel javelins (quivered)
Armour
 b - a +0 scale mail
 c - a +0 shield (worn)
 g - a +0 helmet (worn)
 l - a +0 plate armour (worn)
Jewellery
 o - a cursed ring of teleportation {unknown}
Wands
 n - a wand of iceblast (9)
Scrolls
 d - a scroll of fog {unknown}
 e - 4 scrolls of remove curse {unknown}
 h - 3 scrolls of magic mapping {unknown}
 i - a scroll of amnesia {unknown}
 j - 2 scrolls of random uselessness {unknown}
 k - 4 scrolls of identify {unknown}
 m - 2 scrolls of teleportation {unknown}
 p - a scroll of immolation {unknown}


   Skills:
 + Level 4.3 Fighting
 * Level 4.1 Axes
 - Level 2.4 Armour
 + Level 3.5 Shields
 + Level 1.1 Invocations


You had 5 spell levels left.
You didn't know any spells.
Your spell library was empty.

Dungeon Overview and Level Annotations

Branches:
Dungeon (4/15)
 Temple: D:4-7

Altars:
Dithmenos
Elyvilon
Makhleb
Okawaru
Uskayaw
The Shining One


Innate Abilities, Weirdness & Mutations

You do not eat or drink.
Your flesh is vulnerable to fire.
You are immune to poison.
Your flesh is cold resistant. (rC+)
You are immune to negative energy. (rN+++)
You are immune to unholy pain and torment.
You can survive without breathing.


Message History

Your plate armour prevents you from hitting the hound.
The hound barely misses you. The ogre hits you with a +0 giant club!
The hound bites you but does no damage.
You hit the ogre.
The ogre is severely wounded.
Your plate armour prevents you from hitting the hound.
You block the hound's attack. The ogre hits you with a +0 giant club!
* * * LOW HITPOINT WARNING * * *
You block the hound's attack.
Unknown command.
You are too injured to fight recklessly!
Unknown command.
You are too injured to fight recklessly!
Unknown command.
Unknown command.
Your plate armour prevents you from hitting the ogre.
The ogre is severely wounded.
You slash the hound! You block the hound's attack.
The ogre hits you with a +0 giant club!
You die...

...............#
....>..........# ..
.....#.........## ...
...#.##.........## ....
...#..#...#......###...#
..#..###..##............
...##.##................
..####.#.........h......
...###.#.###...%@O.w....
...##.#..# ####.....#...
....###..# ###...#
.........# ......
#........## .......
#..^#.#...# ........
.#...#.#..######........
##...###>............#..
#....##...........


You could see an ogre, a worm and a hound.

Vanquished Creatures
  3 jellies (D:2)
  Jessica (D:2)
  Terence (D:2)
  An orc wizard (D:4)
  A worker ant (D:1)
  A hound skeleton (D:3)
  4 adders
  9 oozes
  A worm (D:2)
  4 dart slugs
  2 leopard geckos
  6 orcs
  3 ball pythons
  2 giant cockroaches (D:1)
  4 goblins
  5 hobgoblins
  11 jackals
  11 kobolds
  A quokka (D:2)
  5 bats
  3 frilled lizards
  5 rats
84 creatures vanquished.

Vanquished Creatures (others)
  2 fungi (D:2)
  10 toadstools (D:2)
12 creatures vanquished.

Grand Total: 96 creatures vanquished

Notes
Turn   | Place    | Note
-------+----------+-------------------------------------------
     0 | D:1      | LostNumber the Mummy Fighter began the quest for the Orb.
     0 | D:1      | Reached XP level 1. HP: 18/18 MP: 1/1
   108 | D:1      | Reached XP level 2. HP: 24/24 MP: 2/2
   708 | D:1      | Reached XP level 3. HP: 21/29 MP: 3/3
   853 | D:2      | Noticed Jessica
   896 | D:2      | Reached XP level 4. HP: 33/35 MP: 4/4
   897 | D:2      | Found an iron altar of Okawaru.
   903 | D:2      | Noticed Terence
   904 | D:2      | Became a worshipper of Warmaster Okawaru
   926 | D:2      | Killed Terence
  1307 | D:2      | Reached XP level 5. HP: 38/42 MP: 5/5
  1641 | D:2      | Found a burning altar of Makhleb.
  1641 | D:2      | Noticed a green death
  1644 | D:2      | Noticed a hellwing
  1644 | D:2      | Noticed a ynoxinul
  1670 | D:2      | Killed Jessica
  1775 | D:2      | Found a glowing golden altar of the Shining One.
  2023 | D:2      | Reached * piety under Okawaru
  2026 | D:2      | Reached XP level 6. HP: 37/48 MP: 6/6
  2187 | D:3      | Reached skill level 1 in Invocations
  2211 | D:3      | Found a hide-covered altar of Uskayaw.
  2540 | D:3      | Found a shadowy altar of Dithmenos.
  2541 | D:3      | Found a white marble altar of Elyvilon.
  2689 | D:4      | Slain by an ogre

Vault maps used:
D:1:      eino_arrival_druids_welcome, minmay_tiny_reverse_x
D:2:      cheibrodos_fertilizer, nicolae_tso_swordbearing_angel,
          okawaru_ov_weapons_minmay, makhleb_altar_promises_db, uniq_terence,
          uniq_jessica
D:3:      chequers_temple_overflow_statue_of_worship, lemuel_doored_altar
D:4:      kennysheep_little_box, first_ration

Skill      XL: |  1  2  3  4  5  6 |
---------------+-------------------+-----
Axes           | 2 3 4 |  4.1
Shields        | 3 |  3.5
Fighting       | 4 |  4.3
Invocations    | 1 |  1.1
Armour         | |  2.4

Action                   |  1- 3 |  4- 6 || total
-------------------------+-------+-------++-------
Melee: War axe           |    92 |   155 ||   247
Armor: Scale mail        |    59 |     6 ||    65
       Plate armour      |       |   104 ||   104
Dodge: Dodged            |    52 |    32 ||    84
Block: Shield            |    69 |    96 ||   165

Table legend:
 A = Non-vault XP
 B = Vault XP
 C = Vault XP percentage of total XP
 D = Non-vault monster count
 E = Vault monster count
 F = Vault count percentage of total count
                 A         B        C        D         E       F
            +---------+---------+-------+---------+---------+-------
      Total |     256 |     272 |  51.5 |      63 |      21 |  25.0
            +---------+---------+-------+---------+---------+-------
        D:1 |      64 |      11 |  14.7 |      20 |       3 |  13.0
        D:2 |      69 |     261 |  79.1 |      22 |      18 |  45.0
        D:3 |      81 |       0 |   0.0 |      18 |       0 |   0.0
        D:4 |      42 |       0 |   0.0 |       3 |       0 |   0.0
            +---------+---------+-------+---------+---------+-------
